[Event "European Women Blitz-ch 2024"]
[Site "Monaco"]
[Date "2025.01.10"]
[Round "9.6"]
[White "Ushenina, Anna"]
[Black "Papp, Petra"]
[Result "1-0"]
[Annotator "TA"]
[ECO "A31"]
[WhiteElo "2418"]
[BlackElo "2235"]
[PlyCount "141"]
[EventDate "2025.01.06"]
[EventType "swiss"]
[EventCountry "MNC"]
[SourceTitle "playchess.com"]
[Source "ChessBase"]
[SourceQuality "1"]
[TimeControl "180+2"]

1. Nf3 c5 2. c4 Nc6 3. d4 cxd4 4. Nxd4 e5 5. Nc2 Bc5 6. Nc3 Nf6 7. e3 O-O 8. Be2 e4 9. O-O Re8 10. b3 a5 11. Bb2 Ne5 12. Nd5 d6 13. h3 Bf5 14. Nd4 Bg6 15. Nf4 a4 16. Qd2 Qb6 17. Nb5 Qc6 18. Rfd1 Rad8 19. Rac1 axb3 20. axb3 Nd3 21. Bxd3 exd3 22. Bxf6 gxf6 23. Nxg6 hxg6 24. Qxd3 Kg7 25. Nc3 Re5 26. Nd5 Rde8 27. Kh1 Rf5 28. Rc2 Rh5 29. Qc3 (29. b4 Bb6 30. b5 Qc5) 29... Rf5 30. Qd3 Rh5 $1 31. b4 Ba7 32. Nf4 Rg5 33. Qxd6 Qe4 34. Qd3 Qe5 35. Qd7 Rh8 $2 (35... Qe4) 36. Qd3 $2 (36. Qxb7 $18 Bxe3 37. fxe3) 36... Bb8 $2 (36... Re8 $1 $11 37. Rcd2 Bb8) 37. Qd4 $2 (37. Rcd2 $18) 37... Qf5 $14 38. Qd3 $2 (38. Rdd2 $14) 38... Qe5 $1 $18 39. c5 Rh4 $2 (39... Qe8 40. Rc4 Re5) 40. Qd4 Qf5 {[%emt 0:00:06] [#]} 41. Qd3 $2 (41. Ne6+ $1 $18 Qxe6 (41... fxe6 $2 42. Qxh4 Rh5 43. e4 $18) 42. Qxh4) 41... Rxf4 $4 (41... Qe5 $1 $11 {and Black stays safe.} 42. Rc4 Rgg4) 42. exf4 $18 Qxf4 43. g3 Qxb4 44. Kg2 Rf5 $2 (44... Rxc5 {keeps fighting.} 45. Rxc5 Qxc5) 45. Rdd2 (45. Qc4 $142 Qxc4 46. Rxc4) 45... Be5 $2 (45... Rxc5 46. Rb2 Qa4 47. Rxb7 Bc7) 46. Qc4 $18 Qb1 47. Qe4 (47. Rd7 $142 Kh6 48. Rxf7 (48. Re2 Bxg3 49. Qc2 Qb5 $16)) 47... Qa1 48. Qxb7 Bd4 49. Qe4 $2 (49. c6 {White threatens c7 and mate.} Be3 50. fxe3 Qf1+ 51. Kh2) 49... Be5 $2 (49... Bxc5 50. Rd8 Bb6) 50. c6 $18 Qa8 51. Re2 Qc8 52. c7 Rg5 53. Qc6 (53. f4 $142 Rxg3+ 54. Kxg3 Bxc7 55. Qc4 Bxf4+ 56. Qxf4) 53... Qf5 54. Qe4 (54. Rxe5 $142 Qxe5 55. c8=Q (55. c8=R Qd5+ 56. Qxd5 Rxd5 $18) 55... Rf5 56. Q6a8 (56. Qd8 Qa5 $18) 56... Qd5+ 57. Qxd5 Rxd5 58. Qa8 Rh5 59. Rc8) 54... Qc8 $1 $18 55. Qd3 $2 (55. f4 Rxg3+ 56. Kxg3 Bxc7 57. Qc4 Bxf4+ 58. Qxf4) 55... Bxc7 $18 56. Qf3 Qb8 57. Re7 Rf5 $2 (57... Bd6) 58. Qe4 $2 (58. Qc6) 58... Be5 $2 (58... Re5 59. Rxe5 Bxe5) 59. Qd5 $18 Qf8 60. Qb7 Bd6 61. Rd7 Be5 62. Rc8 Rxf2+ 63. Kxf2 Qa3 64. Rxf7+ Kh6 65. Rh7+ Kg5 66. h4+ Kg4 67. Qe4+ Kh3 68. Qh1+ ({And not} 68. Qxg6 Bd4+ 69. Ke2 Qe3+ 70. Kd1 Qf3+ 71. Kd2 Qe3+ 72. Kc2 Qe2+ 73. Kb3 Qb5+ 74. Kc2 Qe2+ 75. Kb3 Qb5+ 76. Kc2 Qe2+ $11) 68... Kg4 69. Rc4+ Kf5 70. Qe4+ Ke6 71. Rc6+ 1-0

[Event "European Women Blitz-ch 2024"]
[Site "Monaco"]
[Date "2025.01.10"]
[Round "9.7"]
[White "Sliwicka, Alicja"]
[Black "Roebers, Eline"]
[Result "0-1"]
[Annotator "TA"]
[ECO "B45"]
[WhiteElo "2344"]
[BlackElo "2381"]
[PlyCount "67"]
[EventDate "2025.01.06"]
[EventType "swiss"]
[EventCountry "MNC"]
[SourceTitle "playchess.com"]
[Source "ChessBase"]
[SourceQuality "1"]
[TimeControl "180+2"]

1. e4 c5 2. Nf3 Nc6 3. d4 cxd4 4. Nxd4 Nf6 5. Nc3 e6 6. Bf4 Bc5 7. Nb3 Bb4 8. Bd3 (8. Qd3 $142) 8... d5 $11 9. exd5 Nxd5 10. Bd2 Nxc3 11. bxc3 Bd6 12. O-O O-O 13. Qh5 g6 14. Qh6 Ne5 15. h3 {[%emt 0:00:13] Wards off Ng4} (15. Be2 $1 $11 {was preferable.}) 15... f5 16. Nd4 (16. Qe3 $15) 16... Nf7 17. Qe3 e5 $36 {[%emt 0:00:04][%mdl 2048] Keeping White busy.} 18. Nb5 (18. Nb3 $17) 18... Bb8 $19 {[%emt 0:00:01] aiming for ...a6.} 19. Rad1 $2 (19. a4 {might work better.}) 19... a6 20. Na3 e4 21. Bc4 Qd6 22. g3 Qxa3 23. Bc1 Qe7 24. Bd5 Be6 25. c4 Bxd5 26. cxd5 Bd6 27. Bb2 Ne5 28. Kg2 Rac8 29. Qb3 f4 30. Rfe1 fxg3 31. fxg3 Rf3 32. Qb6 Rxc2+ 33. Kh1 Qd7 34. g4 0-1

[Event "European Women Blitz-ch 2024"]
[Site "Monaco"]
[Date "2025.01.10"]
[Round "9.8"]
[White "Kulon, Klaudia"]
[Black "Narva, Mai"]
[Result "1-0"]
[Annotator "TA"]
[ECO "A36"]
[WhiteElo "2393"]
[BlackElo "2398"]
[PlyCount "73"]
[EventDate "2025.01.06"]
[EventType "swiss"]
[EventCountry "MNC"]
[SourceTitle "playchess.com"]
[Source "ChessBase"]
[SourceQuality "1"]
[TimeControl "180+2"]

1. c4 g6 2. g3 Bg7 3. Bg2 c5 4. Nc3 Nc6 5. a3 e6 6. e4 Nge7 7. Nge2 O-O 8. O-O Nd4 9. d3 d6 10. Rb1 a5 (10... b6 $11) 11. h3 Bd7 12. b4 axb4 13. axb4 cxb4 14. Rxb4 Bc6 15. Nxd4 Bxd4 16. Ne2 Bg7 17. d4 d5 18. cxd5 exd5 19. e5 Qa5 (19... Nf5 $14) 20. Bd2 $16 Qa6 21. Nc3 {[%emt 0:00:06] Repels Ba4} Rfd8 (21... Qa5 $14) 22. Bg5 Bf8 23. Re1 ({White should try} 23. Qd2) 23... Qa5 24. Rb3 {[%emt 0:00:06] White is much more active.} Re8 25. Bd2 Qa7 26. Bc1 Nf5 27. Nxd5 (27. Bxd5 Nxd4 28. Rb1 Red8) 27... Bxd5 28. Bxd5 Qxd4 $2 (28... Qa5 $16 29. Bxb7 Nxd4) 29. Qxd4 $2 (29. Bxb7 Ra1 30. Kg2 Bh6 $11) (29. Rxb7 $18 Kh8 30. Bxf7 (30. Rxf7 Rad8 $18)) 29... Nxd4 30. Rxb7 Rab8 $2 (30... Ne6 $16 {was worth a try.} 31. Kg2 Ra1) 31. Rxf7 $18 Kh8 $2 (31... Rbd8) 32. e6 Bg7 33. Bf4 (33. Kg2 $142) 33... Rbd8 34. Be5 Bxe5 $2 (34... Rxd5 35. Bxg7+ (35. Rxg7 $2 {loses.} Nf3+ 36. Kh1 Rxe5 $19) 35... Kg8) 35. Rxe5 {[%emt 0:00:01] Threatens to win with e7.} Rd6 (35... Rxd5 $142 36. Rxd5 Nxe6) 36. e7 {[%emt 0:00:04] White threatens Rf8+ and mate.} Kg8 37. Rf8+ 1-0

[Event "European Women Blitz-ch 2024"]
[Site "Monaco"]
[Date "2025.01.10"]
[Round "9.9"]
[White "Stefanova, Antoaneta"]
[Black "Atalik, Ekaterina"]
[Result "0-1"]
[Annotator "TA"]
[ECO "D04"]
[WhiteElo "2418"]
[BlackElo "2395"]
[PlyCount "84"]
[EventDate "2025.01.06"]
[EventType "swiss"]
[EventCountry "MNC"]
[SourceTitle "playchess.com"]
[Source "ChessBase"]
[SourceQuality "1"]
[TimeControl "180+2"]

1. d4 Nf6 2. Nf3 d5 3. e3 c5 4. Nbd2 cxd4 5. exd4 Nc6 6. c3 Bg4 7. Bb5 e6 8. Qa4 Qc7 9. Ne5 Rc8 (9... a6 $14) 10. O-O Bd6 11. f4 (11. Nxg4 $16 Nxg4 12. h3) 11... O-O $11 12. Bd3 Bf5 13. Bxf5 exf5 14. Ndf3 Ne4 15. Qb5 Ne7 16. Qe2 f6 17. Nd3 Rfe8 18. g3 Nc6 19. Qg2 Qd7 20. Bd2 Na5 {[%emt 0:00:03] Black is much more active.} 21. Rae1 {[%emt 0:00:04] [#]} (21. Rad1 $17) 21... Qb5 $1 $19 22. Nb4 Bxb4 23. cxb4 Nc4 {[%emt 0:00:01][%cal Oc4d2] Excellent horsemanship.} 24. Bc3 $2 (24. Bc1 {nothing else works.}) 24... Nxc3 25. bxc3 Ne3 26. Qd2 Nxf1 27. Rxf1 Qe2 28. Qc1 Qe3+ 29. Qxe3 Rxe3 {[%emt 0:00:02][%mdl 4096] Endgame KRR-KRN} 30. Nh4 g6 31. g4 fxg4 32. f5 g5 33. Ng2 Rexc3 34. Re1 Rc1 35. Kf2 Rxe1 36. Nxe1 {[%emt 0:00:00] KR-KN} Rc4 37. Nd3 Rxd4 38. Ke3 Re4+ 39. Kd2 h5 {[%emt 0:00:03] White must now prevent ...Rd4.} 40. a3 b6 (40... Rd4 $142 41. Ke3 Rxd3+ 42. Kxd3 h4 43. Ke2 d4 44. Kf2 d3 45. Kf1 g3 46. hxg3 hxg3 47. a4 g2+ 48. Kf2 g1=Q+ (48... d2 {is a self mate.} 49. Ke2 g1=Q 50. Kxd2 g4 51. Kd3 g3 52. Kc4 g2 53. a5 Qc1+ 54. Kd5 g1=Q 55. b5 Qgc5+ 56. Ke6 Qe5+ 57. Kd7 Qcc7#) 49. Kxg1 d2 50. Kg2 d1=Q (50... d1=R $2 51. Kh3 $19) 51. Kf2 g4 (51... Qxa4 52. b5 Qxb5 53. Ke3 g4 54. Ke4 Qc6+ 55. Ke3 g3 56. Ke2 g2 57. Ke3 g1=Q+ 58. Kd2 Qf2+ 59. Kd3 Qcc2#) 52. a5 Qd2+ 53. Kg3 Qe2 (53... Qxb4 54. Kf2 Qd2+ 55. Kg3 Qe2 56. a6 Qf3+ 57. Kh2 Qf2+ 58. Kh1 g3 59. axb7 Qh2#) 54. a6 Qf3+ (54... bxa6 55. b5 Qf3+ 56. Kh2 Qf2+ 57. Kh1 g3 58. bxa6 Qh2#) 55. Kh2 Qf2+ (55... bxa6 56. Kg1 g3 57. b5 Qf2+ 58. Kh1 Qh2#) 56. Kh1 g3 57. axb7 Qh2#) 41. Nf2 Rf4 42. Nd3 Rd4 0-1

[Event "European Women Blitz-ch 2024"]
[Site "Monaco"]
[Date "2025.01.10"]
[Round "9.10"]
[White "Injac, Teodora"]
[Black "Vega Gutierrez, Sabrina"]
[Result "0-1"]
[Annotator "TA"]
[ECO "B36"]
[WhiteElo "2453"]
[BlackElo "2393"]
[PlyCount "111"]
[EventDate "2025.01.06"]
[EventType "swiss"]
[EventCountry "MNC"]
[SourceTitle "playchess.com"]
[Source "ChessBase"]
[SourceQuality "1"]
[TimeControl "180+2"]

1. Nf3 c5 2. c4 Nf6 3. Nc3 g6 4. d4 cxd4 5. Nxd4 Nc6 6. e4 Nxd4 7. Qxd4 d6 8. Be3 Bg7 9. Be2 O-O 10. Qd2 a5 11. O-O Bd7 12. b3 Bc6 13. f3 Nd7 14. Rac1 Nc5 15. Rfd1 Qb6 16. Nd5 Bxd5 17. cxd5 Qb4 18. Rc2 Qxd2 19. Rdxd2 (19. Rcxd2 Rfc8 $11) 19... Rfc8 20. Bb5 {[%emt 0:00:00] Black is weak on the light squares} Na6 21. Bxa6 bxa6 22. Kf1 Kf8 23. Ke2 Ke8 (23... Bc3 $142) 24. Kd3 Kd7 25. Bb6 a4 26. bxa4 f5 27. a5 (27. Rxc8 {simplifies} Rxc8 28. Rc2 Rxc2 29. Kxc2 fxe4 30. fxe4 Be5 31. h3) 27... fxe4+ 28. fxe4 Be5 29. h3 e6 30. dxe6+ (30. Rf2 $16 {And now Rf7+ would win.} exd5 31. exd5) 30... Kxe6 $14 31. Rxc8 Rxc8 $16 {[%emt 0:00:01][%mdl 4096] Endgame KRB-KRB. White is a pawn up.} 32. Rc2 {[%emt 0:00:01] Prevents Rc3+.} Rf8 $2 (32... Rxc2 $11 {and Black has nothing to worry.} 33. Kxc2 Bg3) 33. Rc7 $18 Rf7 34. Rxf7 (34. Rc8 $1 $18) 34... Kxf7 {[%emt 0:00:01] KB-KB. White is a pawn up.} 35. Kc4 Ke6 36. Bd4 Bg3 37. Bc3 h5 38. a4 Bf2 39. Bd4 Be1 40. Bb6 Ke5 41. Bc7 Kxe4 42. Bxd6 Bxa5 43. Bb8 $2 {[%emt 0:00:02] [#]} (43. Bb4 $11 {and White is okay.} Bd8 44. Bd2) 43... Ke3 $1 $19 44. g4 {[%emt 0:00:02] [#]} hxg4 $2 (44... h4 $1 $19 {White must now prevent ...Ke4.} 45. Be5 Kf3) 45. hxg4 $11 Kf3 46. g5 Kg4 47. Kd5 Kxg5 48. Kc6 $1 Bd2 49. Bc7 Kh4 50. Kb6 a5 51. Kb5 g5 52. Bxa5 $2 (52. Bd8 $11) 52... Bxa5 53. Kxa5 g4 54. Kb5 g3 55. a5 g2 56. a6 0-1

[Event "European Women Blitz-ch 2024"]
[Site "Monaco"]
[Date "2025.01.10"]
[Round "9.11"]
[White "Stangl, Anita"]
[Black "Cramling Bellon, Anna"]
[Result "0-1"]
[Annotator "TA"]
[ECO "B33"]
[WhiteElo "2027"]
[BlackElo "2052"]
[PlyCount "42"]
[EventDate "2025.01.06"]
[EventType "swiss"]
[EventCountry "MNC"]
[SourceTitle "playchess.com"]
[Source "ChessBase"]
[SourceQuality "1"]
[TimeControl "180+2"]

1. e4 c5 2. Nf3 Nc6 3. d4 cxd4 4. Nxd4 Nf6 5. Nc3 e5 6. Nde2 Bb4 7. Bg5 h6 8. Bxf6 Qxf6 9. a3 Bxc3+ ({Black should play} 9... Ba5 $11) 10. Nxc3 $14 O-O 11. Nd5 Qg6 12. Qd3 d6 13. O-O-O f5 14. exf5 (14. Nc7 $16 Rb8 15. Qxd6 Qxd6 16. Bc4+ (16. Rxd6 fxe4 17. Bc4+ Kh8 $11) 16... Kh8 17. Rxd6 fxe4 18. Rf1) 14... Bxf5 $15 15. Qb3 {[%emt 0:00:16] [#]} (15. Qd2 $15) 15... Kh8 $1 $17 16. c3 $2 (16. Qg3 $17 {was called for.}) 16... Rac8 $19 {[%emt 0:00:05] And now ...Nd4 would win.} 17. Qxb7 $2 (17. Qa4 Nd4 18. Ne3) 17... Nd4 18. Re1 Rb8 19. Qxa7 Nb3+ 20. Kd1 Bc2+ 21. Ke2 Qd3# 0-1

[Event "European Women Blitz-ch 2024"]
[Site "Monaco"]
[Date "2025.01.10"]
[Round "9.12"]
[White "Batsiashvili, Nino"]
[Black "Matnadze Bujiashvili, Ann"]
[Result "1-0"]
[Annotator "TA"]
[ECO "D38"]
[WhiteElo "2476"]
[BlackElo "2315"]
[PlyCount "77"]
[EventDate "2025.01.06"]
[EventType "swiss"]
[EventCountry "MNC"]
[SourceTitle "playchess.com"]
[Source "ChessBase"]
[SourceQuality "1"]
[TimeControl "180+2"]

1. d4 Nf6 2. c4 e6 3. Nc3 Bb4 4. Nf3 d5 5. Bg5 h6 6. Bh4 O-O 7. e3 a6 8. cxd5 exd5 9. Bd3 Be7 10. Qc2 b6 (10... Be6 $11 {should be considered.}) 11. O-O $14 c5 (11... Bb7 $142) 12. Ne5 (12. dxc5 $16 {Bxf6 would now be deadly.} g5 13. Bg3) 12... Bb7 $14 13. Rad1 (13. dxc5 $16 bxc5 14. Rfd1) 13... c4 $14 14. Bf5 b5 15. a3 Re8 (15... Nbd7 $14) 16. f4 $16 Nc6 (16... Nbd7 $16) 17. g4 ({White should play} 17. Bxf6 $18 {Bh7+ would kill now.} Bxf6 18. Bh7+ Kf8 19. Qf5) 17... b4 {[%emt 0:00:03] [#]} (17... Nxe5 $16 18. dxe5 Bc5) 18. axb4 $1 $18 Nxb4 19. Qg2 g6 $2 (19... Nxg4 20. Bxe7 (20. Nxg4 Bxh4 21. b3 cxb3 $17) 20... Nxe3) 20. Bb1 $2 (20. g5 hxg5 21. Bxg5 (21. fxg5 Nh7 $18)) 20... Nh7 (20... Nd7) 21. Bxe7 $18 Qxe7 22. Qg3 Nf6 (22... f6 {is a better defense.}) 23. g5 Nh5 24. Qg2 hxg5 25. fxg5 Rf8 26. Rf3 Bc8 $2 (26... Nc6) 27. Rdf1 $18 Be6 28. h4 $2 (28. Bxg6 Ng7 29. Rxf7 (29. Nxf7 Nf5 $18) (29. Bxf7+ Rxf7 30. Rxf7 Bxf7 $18) 29... Bxf7 30. Bxf7+ Rxf7 31. Rxf7) 28... Kg7 (28... Qd6 $142 29. Qf2 Nd3 30. Bxd3 (30. Nxd3 cxd3 31. Bxd3 Qe7 $16) 30... cxd3 31. Nxd3 (31. Nxf7 Bxf7 32. Rxf7 Rfe8 $16) 31... Rae8) 29. e4 Qa7 (29... dxe4 $142 30. Nxe4 (30. Bxe4 Rac8 $18) 30... Nd3) 30. Qf2 $18 Rad8 $2 (30... dxe4 31. Bxe4 (31. Nxe4 Rad8 $18) 31... Nd3 32. Nxd3 (32. Bxd3 cxd3 33. Rxd3 Bf5 $16) 32... cxd3) 31. Nxg6 Kxg6 (31... Rfe8 $142 32. exd5 Rxd5) 32. exd5+ $18 (32. Nxd5 Bxd5 33. exd5+ Kg7 $17) 32... Kg7 33. dxe6 Qxd4 34. Qxd4+ (34. exf7 Nd3 35. Qxd4+ Rxd4 $16) 34... Rxd4 35. Rxf7+ ({Not} 35. exf7 Rxh4 36. g6 Nd3 37. Bxd3 Rg4+ (37... cxd3 $2 {loses.} 38. Kf2 $16) 38. Kf2 cxd3 $16) 35... Rxf7 36. Rxf7+ Kg8 37. g6 (37. Bh7+ $142 Kh8 38. e7 Rg4+ 39. Kf2 Ng7 40. Rxg7 Kxg7 41. e8=Q (41. e8=R Kxh7 42. Re4 Rxe4 $16) 41... Kxh7 42. Qd7+ Kg6 43. Qxg4) 37... Rg4+ 38. Kf2 Ng7 39. e7 1-0

[Event "European Women Blitz-ch 2024"]
[Site "Monaco"]
[Date "2025.01.10"]
[Round "9.13"]
[White "Osmak, Yuliia"]
[Black "Gaponenko, Inna"]
[Result "1-0"]
[Annotator "TA"]
[ECO "A00"]
[WhiteElo "2463"]
[BlackElo "2346"]
[PlyCount "41"]
[EventDate "2025.01.06"]
[EventType "swiss"]
[EventCountry "MNC"]
[SourceTitle "playchess.com"]
[Source "ChessBase"]
[SourceQuality "1"]
[TimeControl "180+2"]

1. b4 e5 2. Bb2 Bxb4 3. Bxe5 Nf6 4. e3 O-O 5. Nf3 Nc6 6. Bb2 d5 7. Be2 Bc5 8. O-O d4 9. Bb5 Bg4 10. Bxc6 bxc6 11. Bxd4 Bxd4 12. exd4 Bxf3 13. Qxf3 Qxd4 14. c3 Qd5 15. Qg3 (15. Qxd5 {simplifies} cxd5 16. Na3 Rab8 17. Rfb1) 15... Ne4 16. Qxc7 Nxd2 (16... Rfe8 $15) 17. Nxd2 $11 Qxd2 18. Qxc6 Rfc8 19. Qb7 Qxc3 20. Rad1 Qc6 $2 {[%emt 0:00:08][%mdl 8192] [#]} (20... Qa5 $11) 21. Rd8+ $3 1-0

[Event "European Women Blitz-ch 2024"]
[Site "Monaco"]
[Date "2025.01.10"]
[Round "9.14"]
[White "Charkhalashvili, Inga"]
[Black "Hrebenshchykova, Yelyzaveta"]
[Result "1-0"]
[Annotator "TA"]
[ECO "E81"]
[WhiteElo "2240"]
[BlackElo "2280"]
[PlyCount "69"]
[EventDate "2025.01.06"]
[EventType "swiss"]
[EventCountry "MNC"]
[SourceTitle "playchess.com"]
[Source "ChessBase"]
[SourceQuality "1"]
[TimeControl "180+2"]

1. d4 Nf6 2. c4 g6 3. f3 Bg7 4. e4 d6 5. Nc3 O-O 6. Be3 c5 7. dxc5 dxc5 8. Qxd8 Rxd8 9. Bxc5 Nc6 10. Nge2 Nd7 11. Be3 Nde5 12. Nf4 b6 13. a3 Ba6 14. Nb5 Rac8 {[%emt 0:00:05] Repels Nc7} 15. Be2 e6 (15... g5 $5 16. Nd5 e6 $11) 16. O-O (16. Kf2 $11 {is more appropriate.}) 16... Bxb5 $15 17. cxb5 Nd4 {[%emt 0:00:02] White must now prevent ...Nc2. A dynamic duo of knights.} 18. Rac1 (18. Rad1 $11 g5 19. Bxd4 (19. Rxd4 Rxd4 20. Nxe6 fxe6 $15) 19... Rxd4 (19... gxf4 20. Bf2 $15) 20. Nh5 Rxd1 21. Rxd1) 18... Nxe2+ (18... g5 $15 19. Bxd4 Nxf3+ (19... gxf4 20. Rxc8 Rxc8 21. Bc3 $14) 20. gxf3 Bxd4+ 21. Kh1 gxf4) 19. Nxe2 $11 Nd3 (19... Nc4 $11 20. Bg5 Rf8) 20. Rxc8 $16 Rxc8 21. b3 Bf8 (21... Nb2 $14) 22. a4 (22. Rd1 $142 Ne5 23. h3) 22... e5 23. Rd1 Nb4 24. Rd7 Rc2 25. Kf1 $36 {[%emt 0:00:10][%mdl 2048] White has strong initiative. White is more active.} a6 $2 (25... Rb2 $16 {is more resistant.}) 26. bxa6 (26. Bxb6 axb5 27. axb5 Rb2 $18) (26. a5 $142) 26... Nxa6 $18 27. Bxb6 Rb2 28. Ra7 (28. Nc1 $18) 28... Nc5 {[%emt 0:00:03] [#]} (28... Rb1+ $16 29. Kf2 Nc5) 29. Ra8 (29. Nc3 $1 $18) 29... Nd7 $2 {[%emt 0:00:01] [#]} (29... Nxb3 $16 30. Bc7 Nd2+ 31. Kf2 Nc4) 30. Bc7 $1 {[%emt 0:00:17] Threatens to win with Rd8.} Kg7 31. Rd8 Bc5 32. Ke1 $2 ({Don't play} 32. Rxd7 Rb1+ $18) (32. Nc3 $18 Nf8 33. Bxe5+ f6 34. Rd5) 32... Bb4+ $16 33. Kf1 $2 (33. Kf2 $16 {and life is bright.} Bc5+ 34. Ke1 Bb4+ 35. Kd1 Rd2+ 36. Kc1) 33... Nc5 $4 (33... Rb1+ $19 34. Kf2 Be1+ 35. Ke3 Rxb3+ 36. Nc3 Rxc3+ 37. Ke2 Rxc7 38. Kxe1 Ra7) 34. Bxe5+ $18 Kh6 35. Bxb2 1-0

[Event "European Women Blitz-ch 2024"]
[Site "Monaco"]
[Date "2025.01.10"]
[Round "9.15"]
[White "Hunt, Harriet V"]
[Black "Savina, Anastasia"]
[Result "1-0"]
[Annotator "TA"]
[ECO "C65"]
[WhiteElo "2298"]
[BlackElo "2318"]
[PlyCount "59"]
[EventDate "2025.01.06"]
[EventType "swiss"]
[EventCountry "MNC"]
[SourceTitle "playchess.com"]
[Source "ChessBase"]
[SourceQuality "1"]
[TimeControl "180+2"]

1. e4 e5 2. Nf3 Nc6 3. Bb5 Nf6 4. d3 Bc5 5. c3 O-O 6. O-O d5 7. Bxc6 bxc6 8. Nxe5 {[%emt 0:00:00] The position is equal.} dxe4 9. d4 Bd6 10. Bg5 c5 11. Nd2 Bb7 12. Ndc4 cxd4 13. cxd4 h6 (13... Ba6 $14) 14. Bxf6 $16 Qxf6 15. Nd7 $1 {[%emt 0:00:00][%csl LRf6,LRf8] Excellent horsemanship.} Qg5 {[%emt 0:00:36][%cal Oe4e3] [#] Hoping for ...e3!} 16. Nxd6 cxd6 17. Nxf8 Rxf8 18. Qe2 Bc6 (18... f5 $16) 19. Qe3 Qg6 20. Rac1 Bb5 (20... Bd5 {was worth a try.} 21. b3 a5) 21. Rfe1 $18 d5 22. Rc5 Bc6 23. Rec1 Bb7 24. Rc7 {[%emt 0:00:00] White is clearly winning.} Qb6 25. Qb3 Ba6 26. Qxb6 axb6 27. Ra7 Bc4 28. b3 Bd3 29. Rcc7 Re8 (29... b5 $142 30. a4 bxa4 31. bxa4 g5) 30. Rxf7 {[%emt 0:00:03] Weighted Error Value: White=0.11 (very precise) /Black=0.40.  Mistake:       	---       	Black=4      Inaccurate:     	White=1     	Black=4      OK:         	White=11    	Black=4      Best:        	White=2     	---} 1-0

[Event "European Women Blitz-ch 2024"]
[Site "Monaco"]
[Date "2025.01.10"]
[Round "9.16"]
[White "Kanyamarala, Trisha"]
[Black "Calzetta Ruiz, Monica"]
[Result "0-1"]
[Annotator "TA"]
[ECO "D06"]
[WhiteElo "2158"]
[BlackElo "2230"]
[PlyCount "78"]
[EventDate "2025.01.06"]
[EventType "swiss"]
[EventCountry "MNC"]
[SourceTitle "playchess.com"]
[Source "ChessBase"]
[SourceQuality "1"]
[TimeControl "180+2"]

1. d4 d5 2. c4 c5 3. cxd5 Nf6 4. Nf3 cxd4 5. Qxd4 Qxd5 6. Nc3 Qxd4 7. Nxd4 a6 8. Bg5 e5 {[%emt 0:00:09] Wards off g3} 9. Nb3 {[%emt 0:00:13] Bxf6 is in the air} Nbd7 10. e3 Bb4 11. Bd3 {[%emt 0:00:24] Inhibits Ne4.} O-O 12. O-O h6 13. Bh4 b6 14. Rac1 Bb7 15. a3 Be7 16. Rfd1 Rac8 (16... Rad8 $14) 17. Bf5 $16 g5 (17... Rc4 $2 18. Rxd7 Nxd7 19. Bxe7 $18) 18. Bxd7 Rcd8 {[%emt 0:00:01] [#]} 19. Bxg5 $1 hxg5 20. Bf5 Nd5 ({Black should try} 20... Kg7) 21. Na4 Kg7 22. Be4 (22. Nd2 $16) 22... f5 $14 23. Bxd5 Bxd5 24. Nd2 b5 25. Nc3 Be6 26. Nf3 $36 {[%emt 0:00:01][%mdl 2048] White has the initiative.} Kf6 27. Nd2 Rd7 28. Ndb1 Rfd8 29. Rxd7 Rxd7 30. Rd1 Rc7 31. Rc1 {[%emt 0:00:01][%cal Oc3e4] Threatens to win with Ne4+!.} b4 $2 (31... Kf7 $11) 32. axb4 $2 (32. Ne4+ $18 fxe4 33. Rxc7) 32... Bxb4 $2 (32... Rb7 $11 {and Black stays safe.}) 33. Rd1 $2 ({White should try} 33. Ne4+ $18 fxe4 34. Rxc7) 33... Bb3 {[%emt 0:00:03][%cal Ob4c3] and ...Bxc3! should not be overlooked} 34. Rd2 Ke6 {[%emt 0:00:00][%mdl 1024] Black has compensation.} 35. h3 a5 36. Rd3 $2 {[%emt 0:00:02][%mdl 8192] [#]} (36. Rd8 $11) 36... a4 $2 (36... Bc2 $1 $19 37. Rd8 Bxb1 38. Re8+ Kd7 39. Rxe5 Bxc3 40. bxc3 Ra7) 37. Rd2 $17 Ba5 38. Rd3 $2 {[%emt 0:00:04][%mdl 8192] [#]} (38. Kh2 $17 {is a better chance.}) 38... Bc2 $1 $19 39. Rd2 (39. Rd5 $142 Bxc3 40. Nxc3 Rxc3 41. Rd2) 39... Bxb1 0-1

[Event "European Women Blitz-ch 2024"]
[Site "Monaco"]
[Date "2025.01.10"]
[Round "9.17"]
[White "Kazarian, Anna-Maja"]
[Black "Benmesbah, Natacha"]
[Result "1-0"]
[Annotator "TA"]
[ECO "B12"]
[WhiteElo "2206"]
[BlackElo "2259"]
[PlyCount "65"]
[EventDate "2025.01.06"]
[EventType "swiss"]
[EventCountry "MNC"]
[SourceTitle "playchess.com"]
[Source "ChessBase"]
[SourceQuality "1"]
[TimeControl "180+2"]

1. e4 c6 2. d4 d5 3. f3 e6 4. Nc3 Bb4 5. Qd3 b6 6. Nge2 Ba6 7. Qe3 Nd7 8. a3 Bxc3+ $1 9. Nxc3 Bxf1 10. Kxf1 Ne7 11. g3 O-O 12. Kg2 c5 13. dxc5 bxc5 14. exd5 exd5 15. Re1 Re8 {[%emt 0:00:09] and ...d4 should not be overlooked} 16. Qf2 Rb8 17. b3 d4 18. Ne4 Nd5 19. Bg5 (19. b4 $1 $11) 19... f6 20. Bd2 f5 (20... Qb6 $15) 21. Nd6 $1 $11 Rxe1 22. Rxe1 {[%emt 0:00:01] and Re8+ would now be decisive} Qf6 23. Nc4 f4 24. Bxf4 Nxf4+ 25. gxf4 Qxf4 26. Qg3 Qf8 27. Qc7 $36 {[%emt 0:00:16][%mdl 2048] Black is under pressure.} Nf6 (27... Rd8 $11) 28. Re7 $2 (28. Qxa7 $14 d3 29. cxd3) 28... Re8 $2 ({Black should play} 28... Nd5 $19 29. Qxc5 Nxe7 30. Qxa7 d3 31. cxd3 Ng6 (31... Rxb3 $2 32. Qd4 $19)) 29. Re5 {[%emt 0:00:13] White is much more active.} Qf7 $2 (29... Rxe5 $14 30. Qxe5 (30. Nxe5 Nd5 $11) 30... Nd7) 30. Qxf7+ $18 ({Weaker is} 30. Qxc5 Qg6+ 31. Kf1 Qxc2 $11) 30... Kxf7 31. Nd6+ ({Less strong is} 31. Rxc5 Re2+ 32. Kg1 Ke6 $14) 31... Kf8 32. Nxe8 Nxe8 33. Rxc5 1-0